 Dungeon Crawl Stone Soup version 0.24.0-37-gcf1ca852f1 (webtiles) character file.

Game seed: 9977717455537790022, levelgen mode: deterministic

19 Descartes the Ducker (level 2, -3/14 HPs)
             Began as a Felid Monk on Nov 23, 2019.
             Slain by a gnoll
             ... wielding a +0 spear
              (9 damage)
             ... on level 2 of the Dungeon.
             The game lasted 00:01:25 (1126 turns).

Descartes the Ducker (Felid Monk)                   Turns: 1126, Time: 00:01:25

Health: -3/14      AC:  1    Str:  7    XL:     2   Next: 55%
Magic:  3/3        EV: 20    Int: 11    God:
Gold:   21         SH:  0    Dex: 18    Spells: 1/1 levels left
                                        Lives:  0   Deaths: 0

rFire    . . .     SeeInvis +     - Unarmed
rCold    . . .     Gourm    .   (shield unavailable)
rNeg     . . .     Faith    .   (armour unavailable)
rPois    .         Spirit   .   (helmet unavailable)
rElec    .         Reflect  .   (cloak unavailable)
rCorr    +         Harm     .   (gloves unavailable)
MR       .....                  (boots unavailable)
Stlth    +++.......             (no amulet)
HPRegen  0.04/turn              l - ring of resist corrosion
MPRegen  0.08/turn              (no ring)

@: quick
A: very small, no armour, no weapons or thrown items, stealth, claws 1, fangs 3,
see invisible, carnivore, speed 1, shaggy fur 1, slow metabolism 1, sharp paws
a: no special abilities


You were on level 2 of the Dungeon.
You were very full.

You visited 1 branch of the dungeon, and saw 2 of its levels.

You collected 21 gold pieces.

Inventory:

Missiles
 c - 43 arrows
 d - 46 stones
Jewellery
 l - a ring of resist corrosion (left paw)
Scrolls
 f - 2 scrolls of remove curse {unknown}
 g - 3 scrolls of magic mapping {unknown}
 h - a scroll of amnesia {unknown}
 i - a scroll of teleportation {unknown}
 j - a scroll of enchant weapon {unknown}
 k - a scroll of identify {unknown}
Potions
 b - a potion of curing {unknown}
 e - a potion of flight {unknown}
Comestibles
 a - a ration


   Skills:
 + Level 3.2 Fighting
 + Level 4.2 Dodging
 + Level 3.1 Stealth
 * Level 3.4 Unarmed Combat


You had one spell level left.
You didn't know any spells.
Your spell library was empty.

Dungeon Overview and Level Annotations

Branches:
Dungeon (2/15)

Altars:
Okawaru


Innate Abilities, Weirdness & Mutations

You cannot wear armour.
You are incapable of wielding weapons or throwing items.
Your paws allow you to move quietly. (Stealth)
You have sharp claws.
You have razor-sharp teeth.
You have supernaturally acute eyesight. (SInv)
You are carnivorous and can eat meat at any time.
You cover ground quickly.
You are covered in fur. (AC +1)
You have a slow metabolism.
Your sharp claws are effective at attacking unaware monsters.


Message History

You kill the goblin!
A gnoll comes into view. It is wielding a +0 flail.
A gnoll comes into view. It is wielding a -3 spear.
The gnoll hits you from afar with a +0 spear.
The gnoll misses you. The gnoll misses you.
You see here a shiny agate ring.
l - a shiny agate ring The gnoll shouts!
The gnoll hits you with a +0 spear. The gnoll misses you.
The gnoll hits you but does no damage. The gnoll barely misses you.
l - a ring of resist corrosion (left paw)
The gnoll misses you.
You closely miss the gnoll. The gnoll hits you with a +0 spear.
You are too injured to fight recklessly!
The gnoll misses you. The gnoll barely misses you.
The gnoll hits you with a +0 spear!
Ouch! That really hurt!
You die...

#.#####..............#
......#..g...........#
....#.#.....#.รท######
..#.#g..#####...#
...>........#.g.#
............##.g##
............##.g.#
..g.........##..g#
#g#+##########..@##
#.#.####### ##...###
#.......... #.....###
###.#########
##......##
gg.g........#
###.....#
###g######### ###...##
# #.# ##...# # #.#
#...# .##.# #...##


You could see 4 gnolls.

Vanquished Creatures
  A dart slug (D:1)
  A giant cockroach (D:1)
  3 goblins
  A hobgoblin (D:1)
  3 kobolds (D:1)
  A quokka (D:2)
  4 bats
  A frilled lizard (D:1)
15 creatures vanquished.

Notes
Turn   | Place    | Note
-------+----------+-------------------------------------------
     0 | D:1      | Descartes the Felid Monk began the quest for the Orb.
     0 | D:1      | Reached XP level 1. HP: 10/10 MP: 2/2
   216 | D:1      | Reached XP level 2. HP: 11/14 MP: 3/3
   929 | D:2      | Found an iron altar of Okawaru.
  1126 | D:2      | Slain by a gnoll

Levels and vault maps discovered:
D:1:      evilmike_arrival_plus, layout_basic
D:2:      layout_basic, marbit_many_paths, first_ration, serial_curves,
          eino_curves_04, eino_curves_04, eino_curves_04, eino_curves_02,
          okawaru_gym_becter

Skill      XL: |  1 |
---------------+----+-----
Stealth        | 3 |  3.1
Fighting       | |  3.2
Dodging        | |  4.2
Unarmed Combat | |  3.4

Action                   || total
-------------------------++-------
Melee: Unarmed           ||    47
       Bite              ||     2
 Stab: Sleeping          ||     4
  Eat: Chunk             ||     5
Armor: Skin              ||     3
Dodge: Dodged            ||    52
